 Dungeon Crawl Stone Soup version 0.21.1-1-g345015f (webtiles) character file.

60 frogsdev the Covered (level 4, -1/35 HPs)
             Began as a Formicid Fighter on Apr 3, 2018.
             Slain by an adder (3 damage)
             ... on level 2 of the Dungeon.
             The game lasted 00:03:08 (1281 turns).

frogsdev the Covered (Formicid Fighter)             Turns: 1281, Time: 00:03:09

Health: -1/35      AC:  5    Str: 21 (22) XL:     4   Next: 24%
Magic:  4/4        EV:  8    Int: 10 (12) God:
Gold:   55         SH: 10    Dex: 10      Spells: 3/3 levels left

rFire    . . .     SeeInvis +   a - +0 flail
rCold    . . .     Gourm    .   c - +1 shield
rNeg     . . .     Faith    .   e - +0 ring mail "Vuutupt" {Int+5}
rPois    .         Spirit   .   (helmet unavailable)
rElec    .         Reflect  .   (no cloak)
rCorr    .         Harm     .   (no gloves)
MR       .....                  (no boots)
Stlth    ..........             (no amulet)
HPRegen  0.11/turn              (no ring)
MPRegen  0.09/turn              (no ring)

@: lethally poisoned (-1 -> -5)
A: permanent stasis, dig shafts and tunnels, four strong arms, antennae 3
a: Dig, Shaft Self


You were on level 2 of the Dungeon.
You were hungry.

You visited 1 branch of the dungeon, and saw 2 of its levels.

You collected 55 gold pieces.

Inventory:

Hand Weapons
 a - a +0 flail (weapon)
Armour
 b - a +0 scale mail
 c - a +1 shield (worn)
 e - the +0 ring mail "Vuutupt" (worn) {Int+5}
   (You found it on level 1 of the Dungeon)

   It affects your intelligence (+5).
Scrolls
 h - a scroll of remove curse
Potions
 d - a potion of curing {unknown}
Comestibles
 f - 3 rations


   Skills:
 + Level 3.5 Fighting
 + Level 2.9 Maces & Flails
 + Level 4.1 Armour
 + Level 0.1 Dodging
 + Level 4.0 Shields


You had 3 spell levels left.
You didn't know any spells.

Dungeon Overview and Level Annotations

Branches:
Dungeon (2/15)

Altars:


Innate Abilities, Weirdness & Mutations

You cannot be hasted, slowed, berserked, paralysed or teleported.
You can dig through walls and to a lower floor.
Your four strong arms can wield two-handed weapons with a shield.
You have a pair of large antennae on your head. (SInv)


Message History

You feel sick. The adder barely misses you. x2
You miss the adder.
The adder is severely wounded.
The adder bites you.
* * * LOW HITPOINT WARNING * * *
You are more poisoned.
The adder poisons you! The adder bites you.
* * * LOW HITPOINT WARNING * * *
Your shield and ring mail "Vuutupt" prevent you from hitting the adder.
The adder is severely wounded.
* * * LOW HITPOINT WARNING * * *
You feel sick. You block the adder's attack.
Unknown command.
You hit the adder.
The adder is severely wounded.
* * * LOW HITPOINT WARNING * * *
You feel sick. You block the adder's attack. x2
* * * LOW HITPOINT WARNING * * *
You feel sick. The adder bites you.
You die...

####### #......
############ #......
##..........# #......
#......(....# #......
#...........#
#......###...........###
+......'S@...........).#
#......####..........#.###
#####.. ########+#......
#.# #.....# .. #.##..# ##.
#.#.....# # #.####..#
##....#..# ####.....#.<#


You could see an adder.

Vanquished Creatures
  A worker ant (D:2)
  An adder (D:2)
  2 leopard geckos
  A giant cockroach (D:1)
  2 goblins (D:1)
  4 hobgoblins
  6 bats
  3 frilled lizards
  2 kobolds (D:1)
  5 rats
27 creatures vanquished.

Notes
Turn   | Place    | Note
-------+----------+-------------------------------------------
     0 | D:1      | frogsdev the Formicid Fighter began the quest for the Orb.
     0 | D:1      | Reached XP level 1. HP: 18/18 MP: 1/1
    97 | D:1      | Reached XP level 2. HP: 20/24 MP: 2/2
   531 | D:1      | Reached XP level 3. HP: 29/29 MP: 3/3
   540 | D:1      | Got a scorched ring mail
   551 | D:1      | Identified the +0 ring mail "Vuutupt" {Int+5} (You found it on level 1 of the Dungeon)
   975 | D:2      | Reached XP level 4. HP: 9/35 MP: 4/4
  1281 | D:2      | Slain by an adder

Skill      XL: |  1  2  3 |
---------------+----------+-----
Shields        | 4 |  4.0
Armour         | 4 |  4.1
Fighting       | |  3.5
Maces & Flails | |  2.9
Dodging        | |  0.1

Action                   |  1- 3 |  4- 6 || total
-------------------------+-------+-------++-------
Melee: Flail             |   114 |    24 ||   138
 Abil: Dig               |     2 |       ||     2
  Use: Scroll            |     3 |       ||     3
       Potion            |     2 |       ||     2
  Eat: Chunk             |     1 |       ||     1
Armor: Scale mail        |    59 |       ||    59
       Ring mail         |     4 |     8 ||    12
Dodge: Dodged            |    43 |    10 ||    53
Block: Shield            |    77 |    18 ||    95
